Map: Angriff auf Tarsonis

Players

Chendalen - Winner!

  • Race: Zerg Zerg
  • Spawn Location: 6:00

EdwardKenway - Winner!

  • Race: Terran Terran
  • Spawn Location: 7:00

K.I.-2 (Hart)

  • Race: Terran Terran
  • Spawn Location: 12:00

K.I.-3 (Hart)

  • Race: Terran Terran
  • Spawn Location: 3:00

VOD

Have the link to the VOD?

Description

Time

  • Played on: March 20, 2022, 7:02 p.m.
  • Length: 18:53
Show
View Real Time Build Order
Export as new Build Order

Chendalen Zerg - Winner!

Build Orders: Hatch First 

Get SALT Encoding   

  12  0:00  Drone  
  13  0:15  Overlord  
  13  0:19  Drone  
  14  0:35  Drone x2  
  16  0:51  Hatchery  
  16  0:53  Drone  
  16  0:57  Drone  
  16  1:01  Drone  
  18  1:10  Extractor  
  17  1:18  Spawning Pool  
  16  1:27  Drone x2  
  16  1:32  Drone  
  19  1:45  Drone  
  20  2:04  Queen  
  20  2:05  Queen  
  20  2:07  Zergling x4  
  26  2:08  Zergling x2  
  26  2:15  Zergling x2  
  28  2:24  Hatchery  
  27  2:33  Zergling x2  
  28  2:46  Overlord x2  
  28  3:01  Overlord  
  28  3:05  Drone x3  
  31  3:15  Drone  
  32  3:20  Drone  
  32  3:24  Drone  
  32  3:25  Drone x3  
  32  3:26  Drone x3  
  40  3:36  Overlord  
  40  3:38  Overlord  
  40  3:53  Drone  
  40  3:54  Drone x3  
  44  4:04  Zergling x2  
  44  4:05  Zergling x4  
  44  4:06  Drone x3  
  44  4:07  Queen  
  44  4:08  Drone x3  
  55  4:16  Zergling x2  
  56  4:17  Zergling x2  
  56  4:23  Baneling Nest  
  56  4:25  Metabolic Boost  
  56  4:27  Lair  
  56  4:36  Drone x2  
  56  4:38  Zergling x10  
  60  4:39  Zergling x6  
  60  4:41  Overlord  
  66  4:48  Overlord  
  66  4:57  Overlord  
  66  5:13  Zergling x4  
  66  5:14  Zergling x6  
  71  5:15  Drone x2  
  71  5:16  Drone  
  74  5:30  Zergling x2  
  74  5:31  Zergling x2  
  67  5:46  Zergling x2  
  67  5:47  Zergling x8  
  67  5:48  Zergling x4  
  73  6:12  Zergling x6  
  73  6:13  Zergling x4  
  73  6:15  Baneling x5  
  73  6:16  Baneling x5  
  67  6:28  Zergling x2  
  67  6:29  Zergling x2  
  54  7:04  Baneling x4  
  54  7:05  Zergling x6  
  54  7:06  Zergling x6  
  60  7:31  Zergling x4  
  60  7:32  Zergling x4  
  64  7:38  Overseer  
  64  7:42  Centrifugal Hooks  
  64  7:43  Hatchery  
  63  7:51  Hydralisk Den  
  62  7:56  Infestation Pit  
  61  7:58  Extractor, Drone  
  61  7:59  Drone x3  
  64  8:11  Zergling x12  
  64  8:12  Zergling x6  
  73  8:13  Zergling x4  
  75  8:38  Zergling x10  
  75  8:39  Zergling x2  
  75  8:40  Zergling x6  
  84  8:43  Overlord  
  84  8:49  Hatchery  
  83  8:57  Drone  
  83  9:00  Queen  
  86  9:05  Zergling x8  
  86  9:06  Drone  
  86  9:07  Drone  
  86  9:09  Zergling x6  
  95  9:10  Zergling x2  
  95  9:17  Evolution Chamber  
  95  9:18  Evolution Chamber  
  94  9:25  Zergling x4  
  94  9:26  Zergling x4  
  68  10:12  Hatchery  
  67  10:14  Drone  
  67  10:15  Drone  
  67  10:18  Drone  
  67  10:21  Zergling x10  
  70  10:22  Zergling x6  
  70  10:23  Zergling x12  
  70  10:24  Zergling x2  
  65  11:09  Zergling x4  
  65  11:10  Zergling x8  
  68  11:12  Drone x3  
  67  11:21  Baneling x4  
  67  11:22  Baneling x6  
  67  11:23  Baneling x6  
  67  11:32  Zerg Melee Weapons Level 1, Zerg Ground Armor Level 1  
  67  11:38  Zergling x6  
  67  11:39  Zergling x6  
  73  12:08  Drone x3  
  76  12:09  Drone  
  76  12:10  Drone x2  
  76  12:11  Zergling x4  
  76  12:12  Zergling x6  
  84  12:19  Zergling x4  
  84  12:20  Zergling x8  
  90  12:41  Zergling x10  
  90  12:42  Zergling x2  
  90  12:44  Drone x3  
  97  12:47  Drone x3  
  93  13:24  Zergling x4  
  93  13:25  Zergling x8  
  93  13:26  Zerg Missile Weapons Level 1, Zergling x8  
  103  13:28  Overlord x3  
  103  13:57  Zergling x8  
  103  13:58  Zergling x10  
  103  13:59  Zergling x2  
  113  14:05  Queen  
  113  14:06  Queen  
  113  14:09  Extractor  
  116  14:11  Extractor  
  116  14:14  Drone x3  
  99  14:42  Zergling x10  
  99  14:43  Zergling x8  
  99  14:44  Zergling x6  
  99  14:45  Zergling x4  
  104  15:08  Zergling x8  
  104  15:09  Zergling x8  
  104  15:10  Zergling x4  
  104  15:11  Zergling x6  
  104  15:13  Drone x3  
  110  15:28  Hive  
  110  15:32  Pneumatized Carapace  
  110  15:33  Lair  
  110  15:35  Lair  
  103  15:38  Zergling x10  
  103  15:39  Zergling x6  
  103  15:40  Zergling x6  
  103  15:41  Zergling x4  
  99  16:18  Hydralisk x5  
  98  16:19  Hydralisk  
  98  16:20  Hydralisk x4  
  98  16:21  Hydralisk  
  120  16:27  Overlord x6  
  119  17:03  Zergling x12  
  119  17:04  Zergling x6  
  119  17:05  Zergling x10  
  119  17:06  Hydralisk x3  
  119  17:08  Hydralisk x4  
  139  17:09  Hydralisk  
  149  17:47  Baneling  
  149  17:48  Baneling x6  
  149  17:49  Baneling x6  
  149  17:50  Baneling x6  
  149  17:51  Baneling x6  
  149  17:52  Baneling x3  
Show
View Real Time Build Order
Export as new Build Order

EdwardKenway Terran - Winner!

Build Orders:  

Get SALT Encoding   

  12  0:01  SCV  
  13  0:17  Supply Depot  
  13  0:30  Refinery  
  13  0:47  SCV  
  13  0:49  Barracks  
  14  0:59  SCV  
  15  1:11  SCV  
  17  1:41  Orbital Command  
  16  1:51  Barracks Reactor  
  16  1:57  Command Center  
  16  2:28  Marine x2  
  18  2:46  Marine x2  
  20  3:04  Marine x2  
  22  3:17  SCV  
  23  3:21  Marine  
  23  3:22  Marine  
  25  3:29  SCV, Refinery  
  25  3:33  SCV  
  27  3:39  Marine x2  
  29  3:41  SCV  
  29  3:45  SCV  
  31  3:53  SCV  
  32  3:57  SCV, Marine x2  
  35  4:04  Supply Depot  
  35  4:05  SCV  
  35  4:07  Supply Depot  
  35  4:09  SCV  
  37  4:15  Marine  
  38  4:25  SCV x2, Marine  
  38  4:28  Supply Depot  
  38  4:30  Supply Depot  
  41  4:33  Marine  
  41  4:37  SCV x2  
  44  4:41  Barracks  
  44  4:43  Marine  
  45  4:50  SCV x2  
  45  4:51  Marine  
  48  4:54  Supply Depot  
  48  4:58  Supply Depot  
  48  5:01  Marine  
  48  5:02  SCV x2  
  51  5:08  Marine  
  51  5:14  SCV x2  
  54  5:18  Marine  
  54  5:20  Refinery  
  55  5:26  SCV x2, Marine  
  58  5:36  Marine  
  58  5:38  SCV x2  
  58  5:40  Barracks Tech Lab  
  61  5:44  Marine  
  61  5:48  Supply Depot  
  62  5:50  SCV x2  
  62  5:54  Marine  
  65  6:02  SCV x2  
  67  6:19  Marauder  
  69  6:40  Marauder  
  71  6:51  Refinery  
  71  7:02  Marauder  
  73  7:11  Barracks  
  73  7:23  Marauder, Factory  
  75  7:32  Supply Depot  
  75  7:35  Supply Depot  
  75  7:39  Orbital Command  
  75  7:45  Marauder  
  77  8:06  Marauder  
  79  8:18  SCV  
  80  8:29  Supply Depot  
  80  8:30  SCV  
  80  8:32  Supply Depot  
  81  8:39  Factory Tech Lab  
  81  8:42  Starport  
  81  8:46  Barracks Tech Lab  
  81  8:48  Marauder, Armory  
  83  8:49  Marine  
  83  8:50  Marine  
  85  9:07  Marine x2  
  85  9:09  Marauder  
  89  9:14  Marauder  
  91  9:25  Marine x2  
  91  9:27  Barracks  
  91  9:31  Marauder  
  95  9:35  Marauder  
  97  9:43  Marine x2  
  99  9:52  Marauder  
  90  9:56  Marauder  
  77  10:01  Marine x2  
  72  10:14  Marauder  
  74  10:18  Marauder  
  74  10:19  Marine x2  
  78  10:24  Siege Tank  
  81  10:28  Starport Reactor  
  81  10:30  Terran Vehicle And Ship Armor Level 1  
  81  10:31  Combat Shield  
  81  10:35  Marauder  
  83  10:36  Marine x2  
  83  10:39  Marauder  
  87  10:47  Supply Depot  
  87  10:49  Supply Depot  
  87  10:56  Siege Tank, Marauder  
  92  10:57  Supply Depot  
  92  10:58  Supply Depot  
  92  11:00  Marauder, Supply Depot  
  94  11:10  Supply Depot  
  94  11:28  Siege Tank  
  97  11:45  Command Center  
  97  11:50  Stimpack  
  97  11:51  Medivac x2  
  101  12:00  Siege Tank  
  104  12:21  Medivac x2  
  108  12:24  Terran Vehicle Weapons Level 1  
  108  12:32  Siege Tank  
  108  12:35  Supply Depot  
  111  12:38  Supply Depot x2  
  111  12:49  Marine x3  
  114  12:51  Medivac x2  
  114  12:55  Marauder  
  114  12:56  Marauder  
  122  13:04  Siege Tank  
  125  13:06  Marine  
  125  13:07  Marine x2  
  128  13:16  Marauder  
  128  13:18  Marauder  
  132  13:21  Medivac x2  
  132  13:24  Marine  
  132  13:25  Marine x2  
  132  13:26  Orbital Command  
  139  13:30  Concussive Shells  
  139  13:36  Siege Tank  
  139  13:38  Marauder  
  139  13:39  Marauder  
  139  13:41  Refinery  
  146  13:42  Marine  
  146  13:43  Marine x2  
  146  13:45  Refinery  
  149  13:51  Medivac x2  
  153  13:59  Marauder  
  153  14:01  Marauder, Marine  
  158  14:08  Siege Tank  
  161  14:19  Terran Ship Weapons Level 1  
  161  14:20  Marauder, Barracks Reactor  
  161  14:21  Medivac x2  
  161  14:22  Marauder  
  169  14:27  Marine x2  
  171  14:40  Siege Tank  
  171  14:42  Marauder  
  171  14:43  Marauder  
  171  14:45  Marine x2  
  180  14:51  Medivac x2  
  177  15:02  Marine  
  177  15:03  Marauder, Marine  
  177  15:05  Marauder  
  183  15:12  Siege Tank  
  186  15:20  Marine x2  
  188  15:24  Marauder  
  188  15:26  Marauder  
  192  15:45  Siege Tank  
  192  15:46  Marauder  
  192  15:47  Marauder  
  176  16:12  Terran Vehicle And Ship Armor Level 2  
  136  17:19  Marine x2  
  136  17:21  Marine x2  
  140  17:24  Marauder  
  140  17:26  Marauder  
  144  17:37  Marine x2  
  144  17:39  Marine x2  
  148  17:46  Marauder  
  148  17:48  Marauder  
  152  17:55  Marine x2  
  152  17:57  Marine x2  
  156  18:07  Marauder  
  156  18:09  Marauder  
  160  18:12  Marine  
  160  18:13  Marine  
  160  18:15  Marine x2  
  164  18:28  Marauder  
  164  18:30  Marauder  
Show
View Real Time Build Order
Export as new Build Order

K.I.-2 (Hart) Terran 

Build Orders:  

Get SALT Encoding   

  12  0:01  SCV  
  13  0:13  SCV  
  14  0:18  Supply Depot  
  14  0:25  SCV  
  15  0:40  SCV  
  15  0:42  Barracks  
  16  0:48  Refinery  
  16  0:52  SCV  
  17  1:04  SCV  
  18  1:16  SCV  
  19  1:21  Supply Depot  
  19  1:29  SCV  
  19  1:30  Marine  
  21  1:40  Barracks  
  21  1:42  Orbital Command  
  21  1:49  Barracks Tech Lab, Refinery  
  21  2:06  Supply Depot  
  21  2:07  Marine  
  22  2:25  Marine  
  22  2:27  Marine  
  24  2:44  Marauder  
  26  2:45  Marine  
  26  2:46  Supply Depot  
  27  3:02  Marine  
  27  3:05  Marauder  
  30  3:15  Supply Depot  
  30  3:20  Marine  
  30  3:21  SCV  
  30  3:26  Marauder  
  34  3:33  SCV  
  35  3:35  Engineering Bay  
  35  3:38  Marine  
  36  3:45  SCV  
  36  3:47  Marine  
  38  3:56  Marine  
  38  3:58  SCV  
  38  4:01  Supply Depot  
  40  4:05  Marine  
  40  4:10  SCV  
  40  4:14  Marine  
  42  4:22  SCV  
  42  4:23  Marauder  
  45  4:34  SCV  
  46  4:45  Marauder  
  48  5:06  Marauder  
  50  6:05  Barracks Tech Lab  
  50  6:06  Stimpack  
  50  6:07  Terran Infantry Weapons Level 1  
  50  6:08  Factory  
  50  6:10  Factory  
  50  6:12  Missile Turret  
  50  6:14  Missile Turret  
  50  6:18  Command Center  
  49  6:23  Combat Shield  
  49  6:32  Marine  
  49  6:35  Bunker  
  49  6:39  Marine  
  31  6:50  Marine  
  28  6:56  Starport  
  28  6:57  Marine  
  28  7:00  Factory Tech Lab x2, Starport  
  28  7:08  Marine  
  28  7:15  Marine  
  30  7:19  Cyclone  
  33  7:26  Marine  
  34  7:30  SCV  
  34  7:31  SCV  
  34  7:32  Siege Tank  
  38  7:39  Marauder  
  38  7:40  Starport Tech Lab, Refinery  
  38  7:42  SCV  
  38  7:43  Starport Tech Lab, SCV, Refinery  
  42  7:45  Marine  
  43  7:52  Siege Tank  
  43  7:54  SCV  
  43  7:55  SCV  
  48  7:58  Raven  
  48  8:01  Terran Infantry Armor Level 1  
  48  8:03  Marauder  
  48  8:05  Marine  
  53  8:07  SCV x2  
  53  8:12  Siege Tank  
  58  8:14  Missile Turret  
  58  8:15  Raven  
  58  8:19  SCV  
  61  8:20  SCV  
  61  8:23  Marauder  
  61  8:24  Marine  
  61  8:25  Concussive Shells  
  65  8:31  SCV, Missile Turret  
  66  8:37  Supply Depot  
  66  8:38  SCV  
  67  8:42  Marine  
  67  8:43  SCV  
  67  8:44  Marauder  
  71  8:51  SCV  
  71  8:53  Bunker  
  71  8:55  SCV  
  73  9:00  Marine  
  74  9:03  SCV  
  74  9:07  SCV  
  74  9:09  Sensor Tower  
  76  9:15  SCV  
  77  9:17  Armory  
  77  9:21  Supply Depot  
  77  9:22  SCV  
  78  9:27  SCV  
  79  9:34  SCV  
  79  9:37  Barracks  
  80  9:49  Siege Tank  
  71  9:55  Cyclone  
  57  10:01  Marine  
  58  10:08  Marine  
  59  10:19  Marine  
  60  10:25  Barracks Reactor  
  60  10:26  Marine  
  60  10:28  Siege Tank  
  64  10:33  Viking  
  64  10:35  Factory  
  66  10:39  Marine  
  67  10:43  Starport  
  67  10:45  Marauder  
  67  10:47  Command Center  
  69  10:51  Viking  
  71  10:57  Marine  
  71  11:02  Marine  
  73  11:08  Liberator  
  73  11:11  Supply Depot  
  76  11:13  Marine  
  77  11:19  Medivac, Marine, Factory Tech Lab  
  77  11:20  Medivac  
  77  11:25  Marine  
  83  11:31  Marine  
  84  11:36  Supply Depot  
  84  11:37  Siege Tank  
  87  11:42  Thor  
  93  11:49  Starport Reactor  
  93  11:50  Medivac  
  93  11:51  Raven  
  97  11:59  SCV x3  
  100  12:01  Refinery  
  100  12:11  SCV  
  100  12:12  SCV x2  
  103  12:20  Terran Infantry Weapons Level 2, Liberator  
  106  12:23  SCV  
  106  12:24  SCV  
  106  12:25  Viking  
  106  12:26  SCV, Refinery  
  106  12:28  Supply Depot  
  111  12:31  Viking  
  111  12:35  SCV  
  111  12:36  SCV  
  115  12:38  SCV  
  116  12:44  Terran Vehicle Weapons Level 1  
  116  12:47  SCV  
  116  12:48  SCV  
  116  12:50  SCV  
  108  12:59  SCV  
  108  13:00  SCV  
  108  13:01  Viking  
  108  13:03  SCV  
  107  13:10  Marine  
  107  13:11  SCV  
  98  13:16  Marine  
  96  13:21  Marine  
  97  13:27  Marine  
  97  13:29  SCV  
  97  13:30  SCV  
  97  13:32  SCV  
  97  13:33  Marine  
  102  13:39  Marine  
  102  13:40  Missile Turret  
  102  13:41  SCV  
  104  13:43  SCV  
  104  13:44  SCV  
  104  13:45  Cyclone  
  109  13:49  Missile Turret  
  109  13:50  Viking  
  109  13:53  SCV  
  109  13:55  SCV, Ghost Academy  
  113  13:57  SCV  
  113  14:02  Fusion Core  
  108  14:05  SCV  
  108  14:07  SCV  
  108  14:09  SCV  
  102  14:16  Hellion  
  103  14:17  SCV  
  103  14:21  Hellion  
  103  14:23  Marine  
  85  14:36  Terran Infantry Armor Level 2, Marine  
  76  14:38  Terran Ship Weapons Level 1  
  76  14:39  Marine  
  76  14:42  Command Center  
  76  14:45  Siege Tank  
  79  14:48  Marine  
  79  14:51  Marine  
  81  14:54  Marine  
  81  14:57  Marine  
  83  15:03  Siege Tank  
  83  15:06  Marine  
  87  15:07  Siege Tank  
  89  15:16  Marine  
  89  15:17  Siege Tank  
  89  15:18  Marine  
  94  15:21  Marine  
  94  15:24  Marine  
  91  15:47  Command Center  
  91  15:49  Marine  
  86  16:02  Siege Tank  
  89  16:06  Marine  
  89  16:09  Marine  
  76  16:13  Marine  
  74  16:18  Marine  
  77  16:25  Hellion  
  77  16:28  Marine  
  77  16:31  Marine  
  79  16:34  Marine  
  79  16:37  Marine  
  81  16:40  Hellion  
  81  16:46  Marine  
  70  16:49  Marine  
  70  16:52  Marine  
  70  16:53  Viking  
  64  16:54  Marine  
  60  17:03  Marine  
  60  17:06  Marine  
  54  17:09  Marine  
  54  17:12  Marine  
  49  17:17  Viking  
  46  17:26  Marine  
  46  17:28  Marine  
  46  17:29  Marine  
  10  18:38  SCV  
  10  18:40  SCV  
Show
View Real Time Build Order
Export as new Build Order

K.I.-3 (Hart) Terran 

Build Orders:  

Get SALT Encoding   

  12  0:01  SCV  
  13  0:13  SCV  
  14  0:19  Supply Depot  
  14  0:25  SCV  
  15  0:41  SCV  
  16  0:44  Barracks  
  16  0:49  Refinery  
  16  0:53  SCV  
  17  1:05  SCV  
  18  1:17  SCV  
  19  1:19  Supply Depot  
  19  1:29  SCV  
  19  1:31  Marine  
  21  1:40  Barracks  
  21  1:42  Orbital Command  
  21  1:48  Refinery  
  21  1:50  Barracks Tech Lab  
  21  2:05  Factory  
  21  2:08  Marine  
  22  2:18  Supply Depot  
  22  2:25  Marine  
  22  2:27  Marine  
  24  2:43  Marine  
  25  2:45  Marine  
  25  2:49  Hellion  
  25  2:51  Supply Depot  
  28  3:01  Marine  
  28  3:02  Marine  
  30  3:10  Hellion  
  32  3:17  SCV  
  32  3:19  Marine  
  34  3:21  Supply Depot  
  34  3:29  SCV  
  34  3:32  Hellion  
  37  3:39  Engineering Bay  
  37  3:41  SCV  
  38  3:53  Hellion  
  38  3:54  SCV  
  41  4:06  SCV  
  42  4:14  Hellion  
  44  4:18  SCV  
  45  4:36  Hellion  
  47  4:57  SCV  
  47  5:01  Marauder, Barracks Tech Lab, Stimpack  
  47  5:04  Factory Tech Lab, Factory  
  47  5:06  Supply Depot  
  49  5:09  Terran Infantry Weapons Level 1  
  49  5:10  Starport  
  49  5:14  Starport  
  49  5:18  Combat Shield  
  49  5:22  Marauder  
  49  5:24  Widow Mine  
  53  5:31  Marauder, Supply Depot  
  55  5:45  Siege Tank  
  55  5:46  Starport Tech Lab  
  55  5:47  Marauder  
  55  5:48  Factory Tech Lab  
  60  5:51  Starport Tech Lab  
  60  5:52  Command Center  
  60  6:08  Siege Tank  
  58  6:21  Marine  
  42  6:28  Marine  
  43  6:37  Concussive Shells  
  43  6:39  Marine  
  44  6:46  Marine  
  45  6:50  Siege Tank  
  48  6:58  Missile Turret, Widow Mine  
  49  7:02  Missile Turret  
  49  7:03  Terran Infantry Armor Level 1  
  49  7:05  SCV x2, Marine, Refinery  
  52  7:12  Marine  
  53  7:16  Raven  
  53  7:17  SCV  
  53  7:18  SCV  
  57  7:23  Marine  
  57  7:29  SCV  
  59  7:30  SCV, Marine  
  59  7:32  Bunker  
  61  7:41  SCV  
  61  7:42  SCV  
  61  7:43  Missile Turret  
  63  7:47  Raven  
  65  7:53  SCV  
  65  7:55  Missile Turret  
  65  7:56  SCV  
  67  8:05  SCV  
  68  8:08  SCV  
  69  8:13  Sensor Tower  
  69  8:17  SCV  
  69  8:19  Bunker  
  70  8:20  SCV  
  71  8:29  SCV  
  71  8:32  SCV, Armory  
  73  8:41  SCV  
  73  8:43  Barracks  
  73  8:44  SCV  
  75  8:53  SCV  
  76  9:11  Ghost Academy  
  76  9:16  Factory  
  76  9:19  Supply Depot  
  76  9:24  Starport  
  76  9:29  Command Center, Barracks Reactor  
  76  9:40  Ghost  
  78  9:45  Reaper  
  78  9:51  Medivac  
  78  9:52  Refinery  
  72  9:59  Factory Tech Lab  
  61  10:02  Starport Reactor  
  56  10:08  Marine  
  56  10:09  Marine  
  56  10:10  Medivac  
  60  10:17  Ghost  
  60  10:18  Marine  
  62  10:26  Marine  
  89  10:28  Medivac, Marine  
  52  10:36  Marine  
  52  10:37  SCV x2  
  52  10:41  SCV  
  43  10:44  Marine  
  43  10:46  Marine  
  43  10:49  Marine  
  36  10:55  Reaper  
  31  10:59  Refinery  
  31  11:02  Marine  
  31  11:04  Marine  
  29  11:12  SCV  
  30  11:20  Marauder  
  30  11:22  SCV  
  30  11:23  Marauder  
  35  11:27  SCV  
  36  11:35  SCV  
  37  11:41  SCV  
  37  11:45  SCV  
  39  11:48  SCV  
  39  11:53  SCV  
  41  12:00  SCV  
  42  12:02  SCV  
  42  12:05  SCV  
  44  12:12  SCV  
  45  12:18  SCV x2  
  47  12:25  SCV  
  48  12:30  SCV  
  48  12:31  SCV  
  51  12:37  SCV  
  51  12:40  Marine  
  51  12:42  SCV  
  51  12:43  SCV  
  54  12:49  SCV, Marine  
  56  12:54  SCV, Marine  
  56  12:55  SCV  
  59  12:59  Ghost  
  59  13:01  SCV  
  59  13:04  Marine  
  63  13:06  SCV  
  63  13:07  SCV  
  65  13:17  Marine  
  65  13:18  Marine  
  67  13:22  Siege Tank  
  67  13:25  SCV  
  66  13:28  Marauder, SCV  
  69  13:36  Marauder  
  61  14:03  SCV  
  61  14:07  SCV  
  63  14:15  SCV  
  64  14:20  SCV  
  64  14:21  Command Center  
  64  14:27  SCV, Raven  
  64  14:30  Marine  
  68  14:32  SCV  
  68  14:34  Marine  
  68  14:37  Marine  
  71  14:39  Marine  
  72  14:47  Marine  
  72  14:52  Marine  
  74  14:54  Marine  
  74  14:57  Marine  
  74  14:59  Raven  
  63  15:05  Marine  
  51  15:09  Marine  
  48  15:15  Marine  
  48  15:24  Marauder  
  48  15:25  Marine  
  48  15:28  Marauder  
  44  15:32  Marine  
  32  15:43  Marine  
  32  15:44  Marine  
  32  15:49  Marine  
  32  15:51  SCV  
  32  15:53  SCV  
  23  16:03  Marauder  
  10  17:05  SCV  
  10  17:22  SCV  
Tags
 
Add a new tag
Caveats
  • Supply blocks, unpowered buildings, or Contaminate may cause inaccurate times.
  • Supply counts are checked every 10 seconds.